 Dungeon Crawl Stone Soup version 0.31.0-11-ge490571c62 (webtiles) character file.

Game seed: 1808695270240835380

63 browni3141 the Trooper (level 3, 0/34 HPs)
             Began as a Minotaur Fighter on Jan 28, 2024.
             Slain by Sigmund
             ... wielding a +0 scythe
              (8 damage)
             ... on level 2 of the Dungeon.
             The game lasted 00:00:28 (938 turns).

browni3141 the Trooper (Minotaur Fighter)            Turns: 938, Time: 00:00:29

Health: 0/34       AC:  6    Str: 22    XL:     3   Next: 89%
Magic:  2/2        EV:  9    Int:  5    God:
Gold:   72         SH:  0    Dex:  9    Spells: 2/2 levels left

rFire   . . .        a - +0 war axe
rCold   . . .        c - +0 buckler
rNeg    . . .        b - +0 scale mail
rPois   .            (helmet restricted)
rElec   .            (no cloak)
rCorr   .            (no gloves)
SInv    .            (no boots)
Will    .....        (no amulet) Stlth
                     (no ring)
HPRegen 0.25/turn    (no ring)
MPRegen 0.08/turn

%: no passive effects
@: confused
A: horns 2, retaliatory headbutt
a: no special abilities


You were on level 2 of the Dungeon.
You visited 1 branch of the dungeon, and saw 2 of its levels.

You collected 72 gold pieces.

Inventory:

Hand Weapons
 a - a +0 war axe (weapon)
Armour
 b - a +0 scale mail (worn)
 c - a +0 buckler (worn)
Scrolls
 e - 2 scrolls of immolation {unknown}
 f - 3 scrolls of noise {unknown}
 g - 3 scrolls of identify {unknown}
 i - a scroll of enchant armour {unknown}
 j - a scroll of blinking {unknown}
Potions
 d - a potion of might
 h - a potion of invisibility {unknown}


   Skills:
 + Level 4.4 Fighting
 * Level 4.4 Axes
 - Level 3.6 Armour
 - Level 3.6 Shields


You had 2 spell levels left.
You didn't know any spells.
Your spell library was empty.

Dungeon Overview and Level Annotations

Branches:
Dungeon (2/15)

Altars:
Xom

Annotations:
D:2 1 runed translucent door, Crazy Yiuf, Sigmund


Innate Abilities, Weirdness & Mutations

You have a pair of horns on your head.
You reflexively headbutt those who attack you in melee.


Message History

You block the rat's attack.
A rat is nearby!
You slash the rat!
You kill the rat!
A hobgoblin comes into view.
A hobgoblin is nearby!
You see here 14 gold pieces.
A hobgoblin is nearby!
A hobgoblin is nearby!
You hit the hobgoblin.
You kill the hobgoblin!
You now have 45 gold pieces (gained 14).
You now have 57 gold pieces (gained 12).
You now have 72 gold pieces (gained 15).
Found a runed translucent door.
No target in view!
Crazy Yiuf shouts!
You see here a +0 dagger.
An adder comes into view.
The adder hisses angrily.
An adder is nearby!
The adder closely misses you. You furiously retaliate!
You headbutt the adder. You block the adder's attack.
An adder is nearby!
You slash the adder!
You kill the adder!
You see here an adder corpse.
An adder and a hobgoblin come into view.
The hobgoblin is wielding a staff of alchemy.
The adder hisses angrily.
The hobgoblin shouts!
The adder closely misses you. The adder bites you but does no damage.
You closely miss the adder. You headbutt the adder!
The adder is heavily wounded.
You block the adder's attack.
You hit the adder.
The adder is almost dead.
The adder bites you but does no damage. The adder closely misses you.
There are monsters nearby!
You miss the adder. Your headbutt misses the adder.
The adder is almost dead.
The adder barely misses you. You furiously retaliate!
You headbutt the adder!
You kill the adder!
You block the hobgoblin's attack.
You slash the hobgoblin!
You kill the hobgoblin!
Things that are here:
a staff of alchemy; a hobgoblin corpse A rat comes into view.
The rat squeaks loudly.
A rat is nearby!
Sigmund the Dreaded comes into view.
He is wielding a +0 scythe.
There are monsters nearby!
You barely miss the rat.
Sigmund shouts!
The rat misses you.
Sigmund gestures wildly while chanting.
Sigmund flickers and vanishes!
Deactivating autopickup; reactivate with Ctrl-A.
A rat is nearby!
You hit the rat.
You kill the rat!
A puff of flame appears from out of thin air!
The puff of flame hits you.
There is a strange disturbance nearby!
No target in view!
There is a strange disturbance nearby!
A puff of flame appears from out of thin air!
The puff of flame hits you.
You see here a rat corpse.
No target in view!
No target in view!
No target in view!
You block something's attack.
You miss something. Your headbutt misses something.
Something hits you but does no damage.
You hit something. Something hits you.
You closely miss something.
You hear some strange, mumbled words.
You are confused.
You bump into the rock wall.
Something hits you. Something hits you but does no damage.
You hear some strange, mumbled words.
Something tries to affect you, but you resist.
You feel less confused. Something hits you.
You miss something. Something hits you.
You closely miss something. Your headbutt misses something.
You hear some strange, mumbled words.
A magic dart appears from out of thin air!
The magic dart hits you.
You barely miss something. You headbutt something.
You hear some strange, mumbled words.
You are confused.
You hear some strange, mumbled words.
Something tries to affect you, but you resist.
You miss something. Your headbutt misses something.
Something hits you but does no damage.
You're too confused to move!
Something hits you. Something hits you!
You die...

#. # #. #. #. #. #. #####
#.#.##.... ......
#..###.{# .. #..#..@.# #
#.###..###..###..#
#..........†.....#
#.###..#.#..###....
#.#....#.#..# .. #
#.###..###..###...
#######.................#
........###..#.#..###....
###.##....#..#.#..# .#


There were no monsters in sight!

Vanquished Creatures
  3 adders (D:2)
  2 endoplasms (D:1)
  4 giant cockroaches (D:1)
  6 hobgoblins
  4 quokkas (D:1)
  A bat (D:1)
  A frilled lizard (D:1)
  5 goblins (D:1)
  2 kobolds (D:1)
  6 rats
34 creatures vanquished.

Notes
Turn   | Place    | Note
-------+----------+-------------------------------------------
     0 | D:1      | browni3141 the Minotaur Fighter began the quest for the
                  | Orb.
     0 | D:1      | Reached XP level 1. HP: 19/19 MP: 0/0
   114 | D:1      | Reached XP level 2. HP: 27/27 MP: 1/1
   268 | D:1      | Reached XP level 3. HP: 16/33 MP: 2/2
   651 | D:2      | Found a shimmering altar of Xom.
   795 | D:2      | Found a runed translucent door.
   796 | D:2      | Noticed Crazy Yiuf
   917 | D:2      | Noticed Sigmund
   938 | D:2      | Slain by Sigmund

Illustrated notes

Levels and vault maps discovered:
D:1:      mainiacjoe_arrival_reflecting_pool, layout_rooms
D:2:      layout_loops_cross, basic_altar, minmay_misc_feat_nine_boxes,
          nicolae_figureground_pulse, uniq_crazy_yiuf_cottage, uniq_sigmund

Skill      XL: |  1  2  3 |
---------------+----------+-----
Axes           | 3 4 |  4.4
Fighting       | 4 |  4.4
Armour         | |  3.6
Shields        | |  3.6

Action                     || total
---------------------------++-------
  Melee: War axe           ||    83
         Headbutt          ||     7
 Armour: Scale mail        ||    61
  Dodge: Dodged            ||    43
  Block: Buckler           ||    21
